 Dungeon Crawl Stone Soup version 0.29-a0-275-g389c0b56f3 (webtiles) character file.

Game seed: 14791549077321889768

7808 jmlagarto the Nimble (level 11, -11/107 (111) HPs)
             Began as a Troll Monk on Mar 11, 2022.
             Was a Believer of Yredelemnul.
             Killed from afar by Maurice (25 damage)
             ... with a bolt of acid
             ... on level 8 of the Dungeon.
             The game lasted 00:22:46 (8222 turns).

jmlagarto the Nimble (Troll Monk)                   Turns: 8222, Time: 00:22:48

HP:   -11/107 (111) AC:  7    Str: 31    XL:     11   Next: 1%
MP:   10/10         EV: 15    Int:  6    God:    Yredelemnul [**....]
Gold: 0             SH:  5    Dex: 19    Spells: 10/10 levels left

rFire   + + .      SeeInvis .   n - +3 rapier "Werghaoq" {protect, Str+4 Dex+3}
rCold   . . .      Faith    .   (no shield)
rNeg    . . .      Spirit   .   B - +0 robe of the Volcano {rPois rF++ Will+ Stlth-}
rPois   +          Reflect  +   (helmet restricted)
rElec   .          Harm     .   (no cloak)
rCorr   .          Rampage  .   (gloves unavailable)
Will    +....                   (boots unavailable)
Stlth   ++........              x - amulet of reflection
HPRegen 1.07/turn               s - +6 ring of strength
MPRegen 0.12/turn               (no ring)

@: corroded, under a protective aura, studying Unarmed Combat, lightly drained
A: large, unfitting armour, claws 3, regeneration 1, shaggy fur 1, tough skin 1
a: Renounce Religion, Recall Undead Harvest, Dark Bargain


You were on level 8 of the Dungeon.
You worshipped Yredelemnul.
Yredelemnul was noncommittal.
You visited 1 branch of the dungeon, and saw 11 of its levels.

Inventory:

Hand Weapons
 n - the +3 rapier "Werghaoq" (weapon) {protect, Str+4 Dex+3}
   (You found it on level 2 of the Dungeon)

   It grants its wielder temporary protection when it strikes (+7 to AC).
   Str:       It affects your strength (+4).
   Dex:       It affects your dexterity (+3).
Missiles
 h - 2 curare-tipped darts (quivered)
 k - 14 poisoned darts
 v - 6 datura-tipped darts
Armour
 B - the +0 robe of the Volcano (worn) {rPois rF++ Will+ Stlth-}
   (You took it off an orc on level 5 of the Dungeon)

   rF:        It greatly protects you from fire.
   rPois:     It protects you from poison.
   Will:      It increases your willpower.
   Stlth:     It makes you less stealthy.
Magical Staves
 C - a staff of cold
Jewellery
 s - a +6 ring of strength (left claw)
 x - an amulet of reflection (around neck)
Wands
 i - a wand of acid (7)
 r - a wand of polymorph (3)
 y - a wand of digging (10)
Scrolls
 j - 3 scrolls of teleportation
 l - 2 scrolls of fear
 q - 4 scrolls of blinking
 t - a scroll of immolation
 u - a scroll of enchant weapon {unknown}
 z - a scroll of fog {unknown}
 A - a scroll of brand weapon {unknown}
 D - a scroll of vulnerability {unknown}
Potions
 a - 4 potions of flight
 b - a potion of resistance {unknown}
 c - a potion of berserk rage {unknown}
 f - a potion of curing
 m - a potion of attraction {unknown}
 o - a potion of mutation {unknown}
 w - a potion of haste


   Skills:
 + Level 8.2 Fighting
 + Level 7.4 Short Blades
 - Level 2.4 Polearms
 + Level 8.2 Dodging
 - Level 3.7 Stealth
 - Level 1.8 Unarmed Combat


You had 10 spell levels left.
You didn't know any spells.
Your spell library contained the following spells:

 Spells                   Type           Power      Damage    Failure   Level
 Apportation              Tloc           0%         N/A       45%         1
 Pain                     Necr           0%         1d4       45%         1
 Static Discharge         Conj/Air       0%         N/A       58%         2
 Gell's Gravitas          Tloc           0%         N/A       83%         3
 Lesser Beckoning         Tloc           0%         N/A       83%         3
 Summon Guardian Golem    Hex/Summ       0%         N/A       83%         3
 Teleport Other           Tloc           0%         N/A       83%         3
 Dispel Undead            Necr           0%         3d6       99%         4
 Sticky Flame             Conj/Fire      0%         2d3       99%         4
 Agony                    Necr           0%         N/A       100%        5
 Alistair's Intoxication  Tmut/Pois      0%         N/A       100%        5
 Excruciating Wounds      Necr           0%         N/A       100%        5
 Orb of Destruction       Conj           0%         9d5       100%        7
 Spellforged Servitor     Conj/Summ      0%         N/A       100%        7


Dungeon Overview and Level Annotations

Branches:
Dungeon (11/15)            Temple (0/1) D:5            Lair (0/6) D:11
    Orc: D:9-12

Altars:
Ashenzari
Ru
Trog
Wu Jian
Xom
Yredelemnul

Shops:
D:11 (

Portals:
Trove: D:11 (give +8 demon trident)

Annotations:
D:8 Maurice


Innate Abilities, Weirdness & Mutations

You are too large for most types of armour.
You have claws for hands.
Your natural rate of healing is unusually fast.
You are covered in fur. (AC +1)
You have tough skin. (AC +1)


Message History

Something steals 8 of your 10 curare-tipped darts!
You see here a +0 dagger.
You feel much better.
You hear some strange, mumbled words.
A curare-tipped dart appears from out of thin air!
The curare-tipped dart hits you.
You have difficulty breathing.
You feel yourself slow down.
You hear some strange, mumbled words.
A curare-tipped dart appears from out of thin air!
The curare-tipped dart hits Gastronok.
A curare-tipped dart appears from out of thin air!
The curare-tipped dart hits Gastronok.
You hear a zap.
A bolt of acid appears from out of thin air!
The bolt of acid hits you!!
* * * LOW HITPOINT WARNING * * *
The acid corrodes you!
You see here a +0 dagger.
You barely miss something. Something hits you.
* * * LOW HITPOINT WARNING * * *
Something steals your 2 potions of lignification!
You hit something but do no damage.
Your weapon exudes an aura of protection.
You hear a zap.
A bolt of acid appears from out of thin air!
The bolt of acid misses you. Something hits you.
* * * LOW HITPOINT WARNING * * *
Something groans, "What are you, a monk?"
You feel better.
You hear a zap.
A bolt of acid appears from out of thin air!
The bolt of acid hits you!
* * * LOW HITPOINT WARNING * * *
You hit something. Your claw misses something.
You feel yourself speed up.
You hear a zap.
A bolt of acid appears from out of thin air!
The bolt of acid hits you!!
You die...
Your body rises from the dead as a mindless zombie.

#...# #......# #...# .......#
#...# # #...... #...# #.##.
...# ###...###
####....###'####....>..###.#
#.............##.#####.....#
#.#####.....{##.#.....#######
#....)[....Z@...#.##........#
#..############## #....###.#
#...# #....#.... ##..#
#....##..# #..######
#....##... #........
#....##.## #.#######
#.......# #......# .#+#######
######.# ......


You could see the friendly Gastronok the elephant slug zombie.

Vanquished Creatures
  Gastronok (D:8)
  The ghost of robertstho the Magician, a novice DjIE (D:6)
  A manticore (D:11)
  Joseph (D:8)
  A kobold demonologist (D:11)
  A wraith (D:7)
  A yak (D:11)
  A steam dragon (D:7)
  4 water moccasins (D:11)
  An orc warrior (D:7)
  4 black bears
  3 ice beasts
  3 sky beasts
  3 ogres
  3 phantoms
  2 kobold brigands (D:11)
  4 bullfrogs
  2 necrophages
  2 scorpions (D:5)
  13 wights
  3 howler monkeys
  A jelly (D:4)
  4 hounds
  7 orc priests
  A gnoll shaman (D:7)
  An iguana (D:4)
  7 orc wizards
  13 adders
  15 gnolls
  3 shadow imps
  A white imp (D:3)
  4 worms
  A dart slug (D:5)
  22 orcs
  3 ball pythons
  A bat skeleton (D:2)
  A bat zombie (D:2)
  7 endoplasms
  5 giant cockroaches
  3 goblins
  7 hobgoblins
  9 jackals
  5 quokkas
  2 ball python skeletons (D:2)
  A ball python zombie (D:2)
  4 bats
  3 frilled lizards
  15 kobolds
  5 rats
206 creatures vanquished.

Vanquished Creatures (collateral kills)
  A wyvern (D:5)
  A black bear (D:5)
  An ogre (D:5)
  A phantom (D:5)
  A water moccasin skeleton (D:3)
  The ghost of Zgarb the Shooter, a weakling TeHu (D:3)
  A centaur zombie (D:3)
  A jelly (D:5)
  A gnoll shaman (D:7)
  2 orc priests (D:5)
  An orc wizard (D:7)
  3 adders
  3 gnolls
  A shadow imp (D:7)
  2 dart slugs
  9 orcs
  A ball python (D:4)
  An endoplasm (D:1)
  2 giant cockroaches (D:4)
  3 hobgoblins
  2 jackals
  2 kobolds
  A frilled lizard (D:3)
  2 rats
44 creatures vanquished.

Vanquished Creatures (others)
  2 water moccasin zombies (D:11)
  A yak zombie (D:11)
  A spectral ice beast (D:5)
  A bullfrog zombie (D:7)
  A human zombie (D:8)
  A black bear zombie (D:11)
  A necrophage zombie (D:5)
  A hound zombie (D:5)
  A howler monkey zombie (D:7)
  A spectral jelly (D:4)
  A worm zombie (D:5)
  2 adder zombies
  A bat zombie (D:1)
  A ball python zombie (D:4)
  A frilled lizard zombie (D:3)
  2 giant cockroach zombies (D:4)
  4 gnoll zombies (D:7)
  5 kobold zombies (D:11)
  10 orc zombies
  A spectral endoplasm (D:3)
  40 fungi
  37 plants
  7 withered plants (D:2)
123 creatures vanquished.

Grand Total: 373 creatures vanquished

Notes
Turn   | Place    | Note
-------+----------+-------------------------------------------
     0 | D:1      | jmlagarto the Troll Monk began the quest for the Orb.
     0 | D:1      | Reached XP level 1. HP: 22/22 MP: 0/0
   161 | D:1      | Reached XP level 2. HP: 23/29 MP: 1/1
   188 | D:1      | Reached skill level 1 in Unarmed Combat
   204 | D:1      | Found a faded altar of an unknown god.
   270 | D:1      | Prayed at the altar of an unknown god.
   270 | D:1      | Became a worshipper of Yredelemnul the Dark
   270 | D:1      | Reached * piety under Yredelemnul
   270 | D:1      | Reached ** piety under Yredelemnul
   296 | D:1      | Reached XP level 3. HP: 36/36 MP: 2/2
   323 | D:1      | Reached *** piety under Yredelemnul
   726 | D:2      | Reached XP level 4. HP: 29/44 MP: 3/3
  1195 | D:2      | Identified the +3 rapier "Werghaoq" {protect, Str+4 Dex+3}
  1222 | D:3      | Found a runed translucent gate.
  1222 | D:3      | Found a runed translucent gate.
  1222 | D:3      | Found a runed translucent gate.
  1230 | D:3      | Noticed Zgarb's ghost (weakling TeHu)
  1280 | D:3      | Reached XP level 5. HP: 42/53 MP: 4/4
  1734 | D:3      | Reached skill level 1 in Short Blades
  2050 | D:3      | Reached XP level 6. HP: 50/61 MP: 5/5
  2055 | D:3      | Killed Zgarb's ghost
  2704 | D:4      | Reached XP level 7. HP: 63/68 MP: 6/6
  3214 | D:5      | Entered Level 5 of the Dungeon
  3277 | D:5      | Found a staircase to the Ecumenical Temple.
  3335 | D:5      | Noticed a wyvern
  3345 | D:5      | Killed a wyvern
  3488 | D:5      | Reached XP level 8. HP: 68/79 MP: 7/7
  3530 | D:5      | Identified the +0 robe of the Volcano {rPois rF++ Will+
                  | Stlth-}
  3647 | D:5      | Found a broken altar of Ashenzari.
  3932 | D:5      | Reached skill level 5 in Fighting
  3932 | D:5      | Reached skill level 5 in Dodging
  4104 | D:5      | Reached **** piety under Yredelemnul
  4465 | D:5      | Reached XP level 9. HP: 83/88 MP: 8/8
  4509 | D:5      | Reached ***** piety under Yredelemnul
  4753 | D:6      | Found a shimmering altar of Xom.
  5046 | D:6      | Found a runed translucent door.
  5050 | D:6      | Noticed robertstho's ghost (novice DjIE)
  5261 | D:6      | Found an ornate altar of the Wu Jian Council.
  5316 | D:6      | Found a bloodstained altar of Trog.
  5325 | D:6      | Found a sacrificial altar of Ru.
  5494 | D:6      | Killed robertstho's ghost
  5495 | D:6      | Reached skill level 5 in Short Blades
  6546 | D:7      | Reached XP level 10. HP: 37/100 MP: 9/9
  6618 | D:8      | Noticed Joseph
  6865 | D:8      | Noticed Gastronok
  7150 | D:8      | You fall into a shaft and drop 3 floors!
  7154 | D:11     | Found Zikkaerch's Antique Weapon Boutique.
  7214 | D:11     | Found a portal to a secret trove of treasure.
  7281 | D:11     | Found a staircase to the Lair.
  7285 | D:11     | Noticed a rust devil
  7335 | D:11     | Noticed a rust devil
  7458 | D:11     | Noticed a manticore
  7470 | D:11     | Killed a manticore
  7562 | D:11     | Noticed a two-headed ogre
  7568 | D:11     | Noticed a manticore
  7580 | D:11     | HP: 5/104 [kobold brigand/+0 dagger (3)]
  7597 | D:10     | Entered Level 10 of the Dungeon
  7942 | D:8      | Killed Gastronok
  8062 | D:8      | Killed Joseph
  8123 | D:8      | Noticed Maurice
  8135 | D:8      | Your ally Joseph died
  8160 | D:8      | Reached XP level 11. HP: 102/111 MP: 10/10
  8209 | D:8      | HP: 5/107 [something (14)]
  8222 | D:8      | Killed from afar by Maurice

Illustrated notes

Levels and vault maps discovered:
D:1:      lemuel_arrival_muddy, layout_rooms, ebering_ecumenical_altar_webs
D:2:      cheibrodos_old_hovel, layout_rooms, serial_undead, serial_undead_f,
          serial_undead_f, serial_undead_c, serial_undead_f,
          kennysheep_cross_room, supply_closet_lemuel
D:3:      layout_basic, serial_glass, glass_columns_c, glass_columns_a,
          gammafunk_ghost_necromancy, hangedman_decor_slide_cut,
          lexackson_kobold_supper
D:4:      layout_basic, grunt_decor_resistance, grunt_ministairs_10
D:5:      minmay_razor_zed, layout_basic, mainiacjoe_overflow_tiny_flanked,
          minmay_temple_entry_statues_fountains, serial_aquarium,
          aquarium_bridge_long_separate [aquarium_subvault_bridge,
          aquarium_subvault_window, aquarium_subvault_bridge,
          aquarium_subvault_window, aquarium_subvault_wall,
          aquarium_subvault_bridge], aquarium_bridge_square
          [aquarium_subvault_bridge, aquarium_subvault_bridge,
          aquarium_subvault_bridge, aquarium_subvault_wall], aquarium_window_1,
          aquarium_window_corner, aquarium_window_fake, aquarium_view_2c,
          aquarium_view_2c, st_stairs_13, chequers_garden, minmay_manual_mullet
D:6:      layout_cave_pools, mainiacjoe_overflow_24_doors,
          mainiacjoe_overflow_swirl, nzn_wu_jian_council_hall,
          ebering_ghost_sewer_d, cheibrodos_sewer_entry_bend
D:7:      layout_basic, dk_noncrumbling_2
D:8:      layout_basic, mainiacjoe_overflow_catwalk, zin_treasury,
          minmay_misc_feat_columns, uniq_joseph, uniq_gastronok, uniq_maurice,
          uniq_maggie
D:9:      kennysheep_steamy, layout_gridville, wad_mini_maze
D:10:     layout_irregular_city
D:11:     layout_long_grid, due_lair_maze_entry_diamond, serial_shops,
          nicolae_diamond_shop, enter_trove_3

Skill      XL: |  1  2  3  4  5  6  7  8  9 10 |
---------------+-------------------------------+-----
Unarmed Combat | 1 |  1.8
Fighting       | 3 4 5 6 8 |  8.2
Dodging        | 3 4 5 6 8 |  8.2
Short Blades   | 1 2 3 4 5 7 |  7.4
Stealth        | 2 3 |  3.7
Polearms       | |  2.4

Action                   |  1- 3 |  4- 6 |  7- 9 | 10-12 || total
-------------------------+-------+-------+-------+-------++-------
Melee: Unarmed           |   101 |    37 |       |       ||   138
       Punch             |     1 |     5 |    14 |     4 ||    24
       Rapier            |       |   137 |   473 |   294 ||   904
  Use: Potion            |     1 |       |       |     8 ||     9
       Scroll            |       |       |     7 |     5 ||    12
 Stab: Sleeping          |     1 |     6 |     6 |       ||    13
       Distracted        |       |     2 |     4 |     3 ||     9
Armor: Robe              |    47 |    86 |   220 |    96 ||   449
Dodge: Dodged            |    75 |    99 |   334 |   220 ||   728
Block: Other             |       |       |       |    66 ||    66
       Reflection        |       |       |       |     4 ||     4

Table legend: (Time is in decaauts)
 A = Elapsed time spent in this place.
 B = Non-inter-level travel time spent in this place.
 C = Inter-level travel time spent in this place.
 D = Time resting spent in this place.
 E = Time spent auto-exploring this place.
 F = Levels seen in this place.
 G = Mean time per level.
                   A        B        C        D        E       F      G
               +--------+--------+--------+--------+--------+-----+--------+
         Total |   8306 |   7950 |    356 |      0 |   5672 |  11 |  755.1 |
       Dungeon |   8306 |   7950 |    356 |      0 |   5672 |  11 |  755.1 |
               +--------+--------+--------+--------+--------+-----+--------+

Top non-repeatable levels by time:
     D:7: 1592 daAuts
     D:5: 1520 daAuts
     D:4: 1117 daAuts
     D:3: 903 daAuts
     D:6: 848 daAuts
     D:2: 614 daAuts
     D:1: 601 daAuts
     D:8: 508 daAuts
    D:11: 429 daAuts
    D:10: 102 daAuts
     D:9: 66 daAuts
